 Dungeon Crawl Stone Soup version 0.30-a0-3-gc9032a9cac (webtiles) character file.

Game seed: 17390951005568393644

263 BritishOli the Trooper (level 5, -3/42 HPs)
             Began as a Demonspawn Fighter on Aug 20, 2022.
             Slain by a worm (8 damage)
             ... on level 3 of the Dungeon.
             The game lasted 00:02:05 (2907 turns).

BritishOli the Trooper (Demonspawn Fighter)         Turns: 2907, Time: 00:02:05

Health: -3/42      AC: 11    Str: 18    XL:     5   Next: 98%
Magic:  5/5        EV:  5    Int: 10    God:
Gold:   177        SH:  4    Dex: 12    Spells: 4/4 levels left

rFire   . . .      SeeInvis .    a - +0 long sword
rCold   . . .      Faith    .    c - +0 buckler
rNeg    . . .      Spirit   .    y - +0 plate armour
rPois   .          Reflect  .    (no helmet)
rElec   .          Harm     .    (no cloak)
rCorr   .          Rampage  .    (no gloves)
Will    .....                    (no boots)
Stlth   ..........               (no amulet)
HPRegen 0.14/turn                (no ring)
MPRegen 0.09/turn                (no ring)

@: no status effects
A: spiny 3
a: no special abilities


You were on level 3 of the Dungeon.
You visited 1 branch of the dungeon, and saw 3 of its levels.

You collected 177 gold pieces.

Inventory:

Hand Weapons
 a - a +0 long sword (weapon)
Missiles
 r - a throwing net (quivered)
Armour
 b - a +0 scale mail
 c - a +0 buckler (worn)
 y - a +0 plate armour (worn)
Wands
 A - a wand of paralysis (12)
Scrolls
 e - 3 scrolls of identify {unknown}
 f - a scroll of silence {unknown}
 i - 2 scrolls of teleportation {unknown}
 k - a scroll of amnesia {unknown}
 l - a scroll of immolation {unknown}
 n - a scroll of butterflies {unknown}
 p - a scroll of magic mapping {unknown}
 q - a scroll of noise {unknown}
 u - a scroll of summoning {unknown}
 w - a scroll of brand weapon {unknown}
Potions
 d - 3 potions of might
 g - a potion of heal wounds {unknown}
 h - a potion of brilliance {unknown}
 j - a potion of cancellation {unknown}
 m - 2 potions of mutation {unknown}
 o - 2 potions of lignification {unknown}
 s - a potion of degeneration {unknown}
 t - a potion of magic {unknown}
 v - 2 potions of curing {unknown}
 x - a potion of haste {unknown}
 z - a potion of berserk rage {unknown}


   Skills:
 + Level 4.2 Fighting
 + Level 3.2 Long Blades
 + Level 3.7 Armour
 + Level 3.8 Shields


You had 4 spell levels left.
You didn't know any spells.
Your spell library contained the following spells:

 Spells                   Type           Power      Damage    Failure   Level
 Static Discharge         Conj/Air       0%         3-3/arc   100%        2
 Dazzling Flash           Conj/Hex       0%         N/A       100%        3
 Ignite Poison            Fire/Tmut/Pois 0%         N/A       100%        3
 Mephitic Cloud           Conj/Pois/Air  0%         N/A       100%        3
 Dispel Undead            Necr           0%         3d6       100%        4
 Sticky Flame             Conj/Fire      0%         2d3       100%        4
 Agony                    Necr           0%         N/A       100%        5
 Freezing Cloud           Conj/Ice/Air   0%         6-21      100%        5
 Silence                  Hex/Air        0%         N/A       100%        5


Dungeon Overview and Level Annotations

Branches:
Dungeon (3/15)

Altars:
Makhleb
Wu Jian


Innate Abilities, Weirdness & Mutations

You are completely covered in sharp spines.


Message History

The kobold is moderately wounded.
The endoplasm freezes you.
You are frozen.
You block the kobold's attack.
Unknown command.
You are too injured to fight recklessly!
Unknown command.
You are too injured to fight recklessly!
Unknown command.
You are too injured to fight recklessly!
Unknown command.
You are too injured to fight recklessly!
Unknown command.
You are too injured to fight recklessly!
You hit the kobold.
You kill the kobold!
The endoplasm freezes you.
You are frozen.
You closely miss the orc. The orc hits you but does no damage.
The endoplasm freezes you.
You are frozen.
You barely miss the orc. The orc is struck by your spines.
You kill the orc!
The endoplasm freezes you.
You are frozen.
* * * LOW HITPOINT WARNING * * *
The endoplasm hits you but does no damage.
You slash the orc!
You kill the orc!
The endoplasm freezes you.
You are frozen.
* * * LOW HITPOINT WARNING * * *
The kobold blocks your attack. The kobold is struck by your spines.
You kill the kobold!
The endoplasm freezes you.
You are frozen.
* * * LOW HITPOINT WARNING * * *
You barely miss the worm. The endoplasm is struck by your spines.
You kill the endoplasm!
The worm is struck by your spines. The worm bites you!
You die...

####......#...#########
#....###...........#
#....###..##..####.#
#....#....###.#
#......#.#....#
#......#.#.#..#
#..>...#......###
.......###...# ...#
#@#....# .K #w)....# .
J...#...# .##.$..... ..
.###... .. .. #. .#. .#
..# ..


You could see a worm and an endoplasm.

Vanquished Creatures
  Pargi (D:3)
  4 gnolls (D:3)
  5 adders
  2 worms (D:3)
  A dart slug (D:2)
  4 orcs (D:3)
  10 bats
  4 endoplasms
  3 giant cockroaches
  5 goblins
  7 hobgoblins
  9 kobolds
  3 quokkas
  5 ball pythons
  5 frilled lizards
  7 rats
75 creatures vanquished.

Notes
Turn   | Place    | Note
-------+----------+-------------------------------------------
     0 | D:1      | BritishOli the Demonspawn Fighter began the quest for the
                  | Orb.
     0 | D:1      | Reached XP level 1. HP: 18/18 MP: 1/1
   162 | D:1      | Gained mutation: You are partially covered in sharp spines.
                  | [demonic ancestry]
   162 | D:1      | Reached XP level 2. HP: 12/24 MP: 2/2
   907 | D:2      | Reached XP level 3. HP: 26/29 MP: 3/3
  1623 | D:2      | Gained mutation: You are mostly covered in sharp spines.
                  | [demonic ancestry]
  1623 | D:2      | Reached XP level 4. HP: 36/36 MP: 4/4
  2144 | D:3      | Found an ornate altar of the Wu Jian Council.
  2187 | D:3      | Gained mutation: You are completely covered in sharp
                  | spines. [demonic ancestry]
  2187 | D:3      | Reached XP level 5. HP: 8/42 MP: 5/5
  2498 | D:3      | Found a burning altar of Makhleb.
  2554 | D:3      | Noticed Pargi
  2568 | D:3      | HP: 1/42 [Pargi (3)]
  2570 | D:3      | Killed Pargi
  2571 | D:3      | Reached skill level 4 in Fighting
  2907 | D:3      | Slain by a worm

Illustrated notes

Levels and vault maps discovered:
D:1:      evilmike_arrival_crescent, layout_rooms
D:2:      layout_loops_corners, chequers_serial_rivers_room_a,
          minmay_octomino_e4
D:3:      layout_basic, mainiacjoe_overflow_paths, bloody_makhleb,
          minmay_fractal_squares_5, uniq_pargi, uniq_ijyb

Skill      XL: |  1  2  3  4  5 |
---------------+----------------+-----
Long Blades    | 2 3 |  3.2
Armour         | 3 |  3.7
Shields        | 3 |  3.8
Fighting       | 4 |  4.2

Action                   |  1- 3 |  4- 6 || total
-------------------------+-------+-------++-------
Melee: Long sword        |   101 |    82 ||   183
Armor: Scale mail        |    49 |       ||    49
       Plate armour      |       |    41 ||    41
Dodge: Dodged            |    38 |    27 ||    65
Block: Buckler           |    24 |    26 ||    50

Table legend: (Time is in decaauts)
 A = Elapsed time spent in this place.
 B = Non-inter-level travel time spent in this place.
 C = Inter-level travel time spent in this place.
 D = Time resting spent in this place.
 E = Time spent auto-exploring this place.
 F = Levels seen in this place.
 G = Mean time per level.
                   A        B        C        D        E       F      G
               +--------+--------+--------+--------+--------+-----+--------+
         Total |   2965 |   2918 |     47 |    747 |   1740 |   3 |  988.3 |
       Dungeon |   2965 |   2918 |     47 |    747 |   1740 |   3 |  988.3 |
               +--------+--------+--------+--------+--------+-----+--------+

Top non-repeatable levels by time:
     D:2: 1189 daAuts
     D:3: 914 daAuts
     D:1: 861 daAuts
